 Dungeon Crawl Stone Soup version 0.26-a0-597-gb535b0901c (webtiles) character file.

Game seed: 6834851546718301995

80 Lanoc the Ducker (level 4, -1/31 HPs)
             Began as a Halfling Monk on Sept 5, 2020.
             Slain by an orc priest
             ... wielding a +0 hand axe
              (2 damage)
             ... on level 3 of the Dungeon.
             The game lasted 00:03:45 (2066 turns).

Lanoc the Ducker (Halfling Monk)                    Turns: 2066, Time: 00:03:45

Health: -1/31      AC:  2    Str: 12      XL:     4   Next: 65%
Magic:  4/4        EV: 16    Int:  7 (8)  God:
Gold:   79         SH:  0    Dex: 14 (17) Spells: 3/3 levels left

rFire    . . .     SeeInvis .   a - +2 dagger (venom)
rCold    . . .     Faith    .   (shield restricted)
rNeg     . . .     Spirit   .   g - +0 robe
rPois    .         Reflect  .   (no helmet)
rElec    .         Harm     .   (no cloak)
rCorr    .                      (no gloves)
MR       .....                  (no boots)
Stlth    ++........             k - amulet of the acrobat
HPRegen  0.10/turn              (no ring)
MPRegen  0.09/turn              (no ring)

@: lethally poisoned (-1 -> -7)
A: small, mutation resistance 1
a: no special abilities


You were on level 3 of the Dungeon.
You visited 1 branch of the dungeon, and saw 3 of its levels.

You collected 79 gold pieces.

Inventory:

Hand Weapons
 a - a +2 dagger of venom (weapon)
 b - a +0 hunting sling
Missiles
 f - 23 sling bullets
 h - 63 stones (quivered)
Armour
 g - a +0 robe (worn)
Jewellery
 k - an amulet of the acrobat (around neck)
Scrolls
 c - 2 scrolls of teleportation {unknown}
 i - 3 scrolls of remove curse {unknown}
Potions
 e - a potion of stabbing


   Skills:
 + Level 3.3 Fighting
 - Level 3.6 Short Blades
 * Level 3.2 Slings
 + Level 4.2 Dodging
 - Level 2.1 Stealth


You had 3 spell levels left.
You didn't know any spells.
Your spell library was empty.

Dungeon Overview and Level Annotations

Branches:
Dungeon (3/15)

Altars:


Innate Abilities, Weirdness & Mutations

You are small and have problems with some larger weapons.
You are somewhat resistant to further mutation.


Message History

You feel sick.
You kill the orc!
* * * LOW HITPOINT WARNING * * *
You feel sick.
* * * LOW HITPOINT WARNING * * *
You feel sick.
* * * LOW HITPOINT WARNING * * *
You feel sick.
* * * LOW HITPOINT WARNING * * *
You feel sick.
You barely miss the orc priest. You barely miss the orc priest.
* * * LOW HITPOINT WARNING * * *
You feel sick.
The orc wizard gestures at you while chanting.
You resist with some effort.
You hit the orc priest but do no damage.
The orc priest is poisoned.
The orc priest hits you with a +0 hand axe.
You die...

#..$...#######(#
#.#...# #
#........)((oo.#
#.#♣.♣# #.......(o#
#.#...# #........o#
###♣.♣# ........)#
#...# ####.....###
#♣.♣#
#.##......o#.#
#...#
#.#.......o.o#
#♣.8#
###.#....#####@#
#...# #.#........#
#.# #8.8#
#.#....##.## #.#
#...# #.#....##.#
##.# #♣.♣#
#.#....##'## #....
#...# #.#........#
. ... #♣.8#
#.#........#.#.#..
####...#
#.###'#....#.......
###..#♣.8#
#'###†'.....#
#.'..#...#


You could see an orc priest (poisoned), an orc wizard and an orc.

Vanquished Creatures
  An orc wizard (D:3)
  A worm (D:3)
  2 dart slugs
  3 leopard geckos
  4 orcs (D:3)
  4 giant cockroaches
  4 goblins
  7 hobgoblins
  4 kobolds
  4 bats
  A frilled lizard (D:3)
  4 rats
39 creatures vanquished.

Notes
Turn   | Place    | Note
-------+----------+-------------------------------------------
     0 | D:1      | Lanoc the Halfling Monk began the quest for the Orb.
     0 | D:1      | Reached XP level 1. HP: 15/15 MP: 1/1
   291 | D:2      | Reached XP level 2. HP: 20/20 MP: 2/2
   907 | D:2      | Reached skill level 1 in Slings
   944 | D:2      | Reached XP level 3. HP: 26/26 MP: 3/3
  1230 | D:3      | Reached skill level 4 in Dodging
  1230 | D:3      | Reached XP level 4. HP: 17/31 MP: 4/4
  2065 | D:3      | HP: 1/31 [poisoned by an orc]
  2066 | D:3      | Slain by an orc priest

Illustrated notes

Levels and vault maps discovered:
D:1:      mrwooster_arrival_statue_2, layout_rooms, minmay_small_reverse_x
D:2:      layout_loops_ring, hangedman_decor_lopped
D:3:      layout_basic, hex_tiny, chequers_avenue

Skill      XL: |  1  2  3  4 |
---------------+-------------+-----
Fighting       | 3 |  3.3
Slings         | 1 2 3 |  3.2
Dodging        | 4 |  4.2
Short Blades   | |  3.6
Stealth        | |  2.1

Action                   |  1- 3 |  4- 6 || total
-------------------------+-------+-------++-------
Melee: Short sword       |    34 |     1 ||    35
       Dagger            |       |    12 ||    12
 Fire: Hunting sling     |    67 |    53 ||   120
  Use: Potion            |     3 |       ||     3
 Stab: Sleeping          |     3 |     1 ||     4
Armor: Robe              |     6 |     1 ||     7
Dodge: Dodged            |    69 |    15 ||    84

Table legend: (Time is in decaauts)
 A = Elapsed time spent in this place.
 B = Non-inter-level travel time spent in this place.
 C = Inter-level travel time spent in this place.
 D = Time resting spent in this place.
 E = Time spent auto-exploring this place.
 F = Levels seen in this place.
 G = Mean time per level.
                   A        B        C        D        E       F      G
               +--------+--------+--------+--------+--------+-----+--------+
         Total |   2066 |   2049 |     17 |    412 |   1264 |   3 |  688.7 |
       Dungeon |   2066 |   2049 |     17 |    412 |   1264 |   3 |  688.7 |
               +--------+--------+--------+--------+--------+-----+--------+

Top non-repeatable levels by time:
     D:3: 923 daAuts
     D:2: 919 daAuts
     D:1: 223 daAuts
